 Dungeon Crawl Stone Soup version 0.21-a0-151-ga4fe563 (webtiles) character file.

41 Lunath the Grave Robber (level 3, 0/16 HPs)
             Began as a Vine Stalker Necromancer on July 30, 2017.
             Slain by a jackal (2 damage)
             ... on level 1 of the Dungeon.
             The game lasted 00:04:18 (2188 turns).

Lunath the Grave Robber (Vine Stalker Necromancer)  Turns: 2188, Time: 00:04:20

Health: 0/16       AC:  3    Str: 10    XL:     3   Next: 52%
Magic:  0/7        EV: 12    Int: 16    God:
Gold:   83         SH:  0    Dex: 14    Spells: 1/6 levels left

rFire    . . .     SeeInvis .   e - +0 dagger
rCold    . . .     Gourm    .   (no shield)
rNeg     . . .     Faith    .   a - +0 robe
rPois    .         Spirit   +   (no helmet)
rElec    .         Reflect  .   (no cloak)
rCorr    .         Harm     .   d - +0 pair of gloves
MR       .....                  (no boots)
Stlth    ++........             (no amulet)
HPRegen  0.05/turn              (no ring)
MPRegen  0.10/turn              (no ring)

@: no status effects
A: fangs 2, magic shield, antimagic bite, no potion heal 3, rot immunity
a: no special abilities


You were on level 1 of the Dungeon.
You were not hungry.

You visited 1 branch of the dungeon, and saw 2 of its levels.

You collected 83 gold pieces.

Inventory:

Hand Weapons
 e - a +0 dagger (weapon)
Missiles
 h - 4 silver javelins (quivered)
Armour
 a - a +0 robe (worn)
 d - a +0 pair of gloves (worn)
Scrolls
 g - 2 scrolls of teleportation {unknown}
 i - a scroll of blinking {unknown}
Potions
 j - a potion of magic {unknown}
Books
 b - a book of Necromancy

   Spells                             Type                      Level
   a - Pain                           Necromancy                   1
   b - Animate Skeleton               Necromancy                   1
   c - Vampiric Draining              Necromancy                   3
   d - Regeneration                   Charms/Necromancy            3
   e - Animate Dead                   Necromancy                   4
   f - Control Undead                 Necromancy                   4
Comestibles
 c - a bread ration
 f - a meat ration


   Skills:
 - Level 1.5 Dodging
 - Level 2.4 Stealth
 - Level 2.1 Spellcasting
 * Level 5.2 Necromancy


You had one spell level left.
You knew the following spells:

 Your Spells              Type           Power        Failure   Level  Hunger
a - Pain                  Necr           ###.         2%          1    #......
b - Animate Skeleton      Necr           N/A          2%          1    #......
c - Vampiric Draining     Necr           ###.......   7%          3    ###....


Dungeon Overview and Level Annotations

Branches:
Dungeon (2/15)

Altars:


Innate Abilities, Weirdness & Mutations

You have extremely sharp teeth.
When hurt, damage is shared between your health and your magic reserves.
Your bite disrupts and absorbs the magic of your enemies.
Potions cannot restore your health.
You are immune to rotting.


Message History

* * * LOW HITPOINT WARNING * * *
You climb upwards.
There is a stone staircase leading down here.
You hit the jackal but do no damage.
The jackal is almost dead.
The jackal closely misses you.
You miss the jackal.
The jackal is almost dead.
The jackal bites you but does no damage.
You barely miss the jackal.
The jackal is almost dead.
The jackal barely misses you. The jackal bites you.
* * * LOW HITPOINT WARNING * * *
You hit the jackal but do no damage. Your bite misses the jackal.
The jackal is almost dead.
The jackal bites you but does no damage.
You barely miss the jackal.
The jackal is almost dead.
The jackal bites you.
You die...

.####.##§≈§....#.#.#..####....##.
##.#.#..#####......#.........###.
..#.##≈≈#####...(....##).........
.###....##.###.#.#.#.##.P.P...P.P
####....#.#.##.#.#...##..♣♣♣...♣♣
#..######.#.##...###.##..♣ ♣...♣
.#...#..#.#####..# #.##..♣♣♣P.P♣♣
.####.##.### ##..# ####..P.P....P
#...##..##.# #.h@######..........
.###..#..#.# #.#.........PP......
#..##..##.####.#....(...P♣♣♣...♣♣
#########.###...(........♣ ♣...♣
# #.#.#.###........♣♣♣..P♣♣ #
#.....#....#+##.....P.PP. #
###.###.####.##.^........ #
#....#....##.##...PP..P.. #
#.#..#..#.##.##..♣♣♣P.P♣♣


You could see a jackal.

Vanquished Creatures
  An ooze (D:1)
  2 dart slugs (D:1)
  A leopard gecko (D:1)
  4 goblins (D:1)
  6 hobgoblins
  2 jackals
  7 bats (D:1)
  A frilled lizard (D:1)
  3 kobolds (D:1)
  3 rats (D:1)
30 creatures vanquished.

Notes
Turn   | Place    | Note
-------+----------+-------------------------------------------
     0 | D:1      | Lunath the Vine Stalker Necromancer began the quest for the Orb.
     0 | D:1      | Reached XP level 1. HP: 9/9 MP: 4/4
   310 | D:1      | Reached XP level 2. HP: 10/13 MP: 1/6
   999 | D:1      | Reached XP level 3. HP: 2/16 MP: 2/7
  1008 | D:1      | Learned a level 1 spell: Animate Skeleton
  1012 | D:1      | Learned a level 3 spell: Vampiric Draining
  1367 | D:1      | Reached skill level 5 in Necromancy
  2188 | D:1      | Slain by a jackal

Vault maps used:
D:1:      dpeg_arrival_brainrot, kennysheep_boxes
D:2:      lemuel_coloured_pillars_altar, first_bread

Skill      XL: |  1  2  3 |
---------------+----------+-----
Necromancy     | 5 |  5.2
Dodging        | |  1.5
Stealth        | |  2.4
Spellcasting   | |  2.1

Action                   || total
-------------------------++-------
Melee: Dagger            ||    28
       Bite              ||     3
 Cast: Pain              ||    53
       Vampiric Draining ||     2
 Stab: Sleeping          ||     1
  Eat: Chunk             ||     2
       Bread ration      ||     1
Armor: Robe              ||    14
Dodge: Dodged            ||    26
